Map: Sentinel CE

Players

PelvkPunishr

  • Race: Zerg Zerg
  • Spawn Location: 9:00

moza

  • Race: Protoss Protoss
  • League: Platinum
  • Spawn Location: 9:00

vvwetwet

  • Race: Terran Terran
  • Spawn Location: 12:00

xBenx

  • Race: Zerg Zerg
  • League: Gold
  • Spawn Location: 5:00

dwduck

  • Race: Protoss Protoss
  • Spawn Location: 5:00

WarpigxxxL

  • Race: Zerg Zerg
  • Spawn Location: 6:00

VOD

Have the link to the VOD?

Description

WarpigxxL, dwduck, xBenx vs vvwetwet, moza, PelvkPunishr

Time

  • Played on: April 9, 2024, 4:10 p.m.
  • Length: 9:02
Show
View Real Time Build Order
Export as new Build Order

PelvkPunishr Zerg 

Build Orders: Hatch First 

Get SALT Encoding   

  12  0:00  Drone  
  13  0:12  Drone  
  14  0:22  Extractor  
  14  0:23  Extractor, Drone x2  
  16  1:00  Overlord  
  16  1:01  Extractor, Hatchery  
  14  1:12  Drone, Spawning Pool  
  14  1:19  Drone x2  
  16  1:27  Drone  
  17  1:42  Drone  
  18  1:48  Drone  
  19  2:02  Drone, Queen  
  22  2:21  Drone x3  
  25  2:33  Metabolic Boost  
  25  2:35  Overlord  
  25  2:41  Zergling x6  
  28  2:46  Spine Crawler  
  27  2:52  Zergling x2  
  27  2:55  Zergling x2  
  29  3:05  Zergling x2  
  29  3:06  Zergling x2  
  31  3:15  Zergling x8  
  31  3:17  Baneling Nest  
  34  3:20  Zergling x4  
  36  3:37  Overlord  
  36  3:58  Zergling x14  
  33  5:00  Zergling x18  
  34  5:38  Baneling  
  34  5:39  Baneling x9  
  34  5:42  Zergling x12  
  40  5:47  Queen  
  42  5:52  Spore Crawler  
  42  5:55  Spore Crawler, Queen  
  42  5:56  Spore Crawler  
  41  5:58  Zergling x2  
  22  6:36  Drone x6  
  28  6:43  Lair  
  28  6:47  Extractor  
  28  6:54  Drone x2  
  29  6:56  Baneling x2  
  29  7:11  Hatchery  
  29  7:14  Drone x9  
  37  7:20  Spine Crawler  
  36  7:24  Evolution Chamber  
  36  7:27  Extractor, Drone x2  
  36  7:28  Extractor  
  35  7:46  Zergling x6  
  35  7:49  Zergling x2  
  39  8:03  Zergling x2  
  39  8:04  Zergling x4  
  42  8:09  Baneling x4  
  42  8:10  Baneling  
  42  8:13  Drone  
  42  8:44  Zergling x2  
  42  8:45  Zergling x6  
Show
View Real Time Build Order
Export as new Build Order

moza Protoss 

Build Orders: Oracle Opening 

Get SALT Encoding   

  12  0:03  Probe  
  13  0:15  Probe  
  13  0:19  Pylon  
  14  0:27  Probe  
  15  0:40  Probe  
  16  0:45  Gateway  
  16  0:52  Probe  
  17  1:01  Assimilator  
  17  1:04  Probe  
  18  1:05  Assimilator  
  18  1:06  Pylon  
  18  1:16  Probe  
  19  1:28  Probe  
  20  1:39  Cybernetics Core  
  20  1:40  Probe  
  20  1:52  Probe  
  21  2:04  Probe  
  22  2:12  Nexus  
  22  2:17  Adept (Chrono Boost)  
  24  2:29  Stargate  
  24  2:49  Probe  
  25  3:02  Stalker  
  25  3:03  Probe  
  28  3:10  Assimilator, Oracle (Chrono Boost)  
  28  3:17  Pylon  
  31  3:24  Probe  
  32  3:36  Probe  
  37  3:42  Void Ray (Chrono Boost)  
  37  3:52  Stargate  
  37  3:58  Pylon  
  37  4:21  Probe (Chrono Boost)  
  37  4:23  Probe (Chrono Boost)  
  39  4:24  Assimilator  
  40  4:32  Stargate  
  40  4:33  Probe (Chrono Boost)  
  40  5:01  Probe x2  
  40  5:03  Stargate  
  42  5:13  Probe x2  
  50  5:23  Void Ray x2  
  50  5:25  Probe x2  
  52  5:31  Pylon  
  56  5:39  Void Ray  
  56  5:41  Nexus  
  56  5:44  Assimilator  
  56  5:47  Probe (Chrono Boost)  
  54  5:50  Probe (Chrono Boost)  
  54  6:00  Probe (Chrono Boost)  
  54  6:04  Probe  
  59  6:09  Probe  
  59  6:10  Void Ray  
  61  6:16  Probe  
  66  6:26  Void Ray  
  70  6:40  Void Ray  
  68  6:50  Pylon  
  68  6:52  Pylon  
  72  6:56  Shield Battery  
  72  6:58  Void Ray  
  76  7:02  Probe (Chrono Boost)  
  76  7:06  Void Ray  
  76  7:07  Probe x2 (Chrono Boost)  
  79  7:12  Probe (Chrono Boost)  
  80  7:18  Probe  
  80  7:19  Probe x2  
  83  7:31  Probe x2  
  82  7:56  Probe (Chrono Boost)  
  85  8:01  Probe (Chrono Boost)  
  85  8:02  Probe (Chrono Boost)  
  85  8:09  Probe x2 (Chrono Boost)  
  99  8:27  Probe x2  
  101  8:58  Pylon  
  101  9:00  Pylon  
Show
View Real Time Build Order
Export as new Build Order

vvwetwet Terran 

Build Orders:  

Get SALT Encoding   

  12  0:07  SCV  
  13  0:19  SCV  
  14  0:29  Supply Depot  
  14  0:32  SCV  
  15  0:45  Refinery  
  15  0:51  SCV  
  16  0:59  Barracks  
  16  1:07  SCV  
  17  1:15  Barracks  
  17  1:20  SCV  
  18  1:35  Supply Depot  
  18  1:36  SCV  
  19  1:47  Reaper  
  20  1:54  Orbital Command  
  20  2:04  Reaper  
  21  2:13  Refinery  
  21  2:22  Command Center, Reaper  
  22  2:38  SCV  
  22  2:39  Reaper  
  24  2:50  SCV  
  25  2:51  Refinery  
  25  2:54  Reaper  
  25  2:58  Supply Depot  
  26  3:06  SCV  
  27  3:18  SCV  
  28  3:30  SCV  
  29  3:41  SCV  
  29  3:42  SCV  
  31  4:06  Orbital Command  
  31  4:08  SCV  
  32  4:11  Factory  
  32  4:19  Barracks Tech Lab  
  32  4:20  SCV  
  33  4:28  Marine  
  32  4:32  SCV  
  32  4:37  SCV  
  33  4:44  Factory  
  33  4:45  SCV  
  34  4:46  Marine  
  34  4:49  Barracks, SCV  
  36  4:55  Barracks  
  36  4:56  Combat Shield  
  36  4:57  SCV  
  36  4:59  Factory Reactor  
  37  5:01  SCV  
  38  5:08  Engineering Bay, Starport  
  38  5:09  SCV  
  38  5:12  Supply Depot  
  38  5:13  SCV  
  40  5:21  SCV  
  41  5:25  Supply Depot, SCV  
  41  5:26  Marine x2  
  44  5:33  SCV  
  45  5:35  Engineering Bay  
  45  5:36  Factory Tech Lab  
  45  5:38  Barracks  
  45  5:40  Barracks Reactor  
  45  5:41  SCV  
  46  5:44  Marine x2, Refinery  
  46  5:45  SCV  
  46  5:46  Refinery  
  49  5:54  Starport Reactor  
  49  6:02  Marine x2  
  49  6:03  Siege Tank  
  54  6:06  SCV x2  
  56  6:19  Marine x2  
  56  6:21  Command Center  
  56  6:22  Marine x3  
  61  6:26  Hellion  
  61  6:27  Hellion  
  61  6:30  Supply Depot  
  65  6:36  Supply Depot  
  65  6:38  Medivac x2  
  69  6:51  Terran Infantry Weapons Level 1  
  69  6:52  Siege Tank, SCV  
  69  6:53  SCV  
  74  6:59  Supply Depot  
  74  7:00  Stimpack  
  74  7:05  SCV x2  
  76  7:10  Marine x2  
  78  7:17  SCV x2  
  78  7:21  Marine x3  
  83  7:24  Siege Tank  
  83  7:29  SCV x2  
  88  7:35  Supply Depot, Refinery  
  88  7:41  SCV  
  89  7:58  Supply Depot  
  88  8:01  Refinery  
  72  8:24  Marine x4  
  68  8:42  Marine x5  
Show
View Real Time Build Order
Export as new Build Order

xBenx Zerg 

Build Orders: Hatch First 

Get SALT Encoding   

  12  0:03  Drone  
  13  0:20  Overlord  
  13  0:23  Drone  
  14  0:39  Drone x2  
  16  0:48  Drone  
  17  1:04  Hatchery  
  17  1:09  Drone  
  17  1:10  Drone  
  18  1:13  Extractor  
  17  1:31  Drone x2  
  19  1:38  Extractor  
  18  1:42  Drone  
  18  1:45  Spawning Pool  
  18  1:48  Drone  
  20  2:09  Drone  
  20  2:10  Drone  
  20  2:12  Extractor  
  21  2:17  Drone  
  21  2:21  Overlord  
  22  2:34  Spine Crawler  
  22  2:35  Drone, Spine Crawler  
  22  2:36  Drone  
  22  2:39  Drone  
  22  2:40  Extractor  
  22  2:45  Queen x2  
  26  2:56  Overlord  
  26  3:00  Drone x2  
  26  3:03  Drone  
  29  3:09  Metabolic Boost  
  29  3:14  Drone  
  30  3:23  Zergling x8  
  34  3:40  Drone, Spine Crawler  
  34  4:01  Zergling x2  
  34  4:02  Zergling x12  
  39  4:08  Lair  
  39  4:09  Spine Crawler  
  38  4:15  Baneling Nest  
  35  4:39  Spore Crawler  
  35  4:41  Spore Crawler  
  31  4:45  Zergling x2  
  31  4:46  Zergling x10  
  37  4:59  Spore Crawler  
  36  5:00  Spore Crawler  
  36  5:04  Spore Crawler  
  36  5:05  Spore Crawler x2  
  28  5:27  Queen  
  26  5:42  Queen  
  27  5:43  Drone x3  
  27  5:45  Drone  
  27  5:47  Baneling  
  29  5:55  Drone  
  30  6:00  Baneling x2  
  30  6:02  Queen  
  25  6:33  Zergling x4  
  27  6:43  Drone x2  
  27  6:44  Drone  
  27  6:46  Zergling x4  
  27  6:47  Zergling x4  
  33  7:07  Hatchery  
  32  7:12  Drone x3  
  32  7:15  Drone  
  36  7:32  Baneling  
  36  7:33  Baneling x3  
  36  7:38  Hydralisk Den  
  36  7:41  Infestation Pit  
  35  7:47  Pneumatized Carapace  
  33  7:51  Overlord  
  33  8:10  Zergling x2  
  33  8:12  Zergling x2, Overlord x2  
  36  8:13  Overlord  
  26  8:38  Drone x4  
  26  8:39  Drone  
Show
View Real Time Build Order
Export as new Build Order

dwduck Protoss 

Build Orders: Cannon Rush 

Get SALT Encoding   

  12  0:02  Probe  
  13  0:24  Pylon  
  13  0:28  Probe  
  14  0:40  Probe  
  15  0:46  Gateway  
  15  0:49  Forge  
  15  0:58  Pylon  
  15  1:03  Pylon  
  15  1:13  Assimilator  
  15  1:16  Probe (Chrono Boost)  
  16  1:19  Assimilator  
  17  1:27  Probe (Chrono Boost)  
  17  1:31  Probe (Chrono Boost)  
  18  1:41  Photon Cannon  
  18  1:48  Photon Cannon  
  18  1:56  Photon Cannon  
  18  2:11  Probe (Chrono Boost)  
  19  2:21  Probe (Chrono Boost)  
  20  2:23  Cybernetics Core  
  20  2:26  Probe (Chrono Boost)  
  21  2:40  Nexus  
  21  2:53  Pylon  
  21  3:00  Probe (Chrono Boost), Pylon  
  22  3:11  Probe (Chrono Boost)  
  23  3:16  Probe (Chrono Boost)  
  24  3:25  Stargate  
  24  3:26  Probe  
  25  3:51  Pylon  
  25  3:53  Photon Cannon  
  25  3:54  Photon Cannon  
  25  3:57  Photon Cannon  
  25  3:58  Probe  
  26  4:10  Probe  
  27  4:18  Assimilator  
  27  4:22  Assimilator, Probe  
  28  4:34  Probe  
  28  4:36  Pylon  
  29  4:41  Pylon  
  29  4:46  Probe  
  29  4:50  Stargate  
  29  4:52  Void Ray  
  34  4:54  Zealot  
  37  5:00  Probe (Chrono Boost)  
  37  5:02  Probe (Chrono Boost)  
  38  5:11  Probe (Chrono Boost)  
  39  5:16  Probe (Chrono Boost)  
  39  5:21  Zealot  
  42  5:27  Probe  
  43  5:35  Void Ray  
  51  5:41  Void Ray  
  51  5:56  Fleet Beacon  
  51  6:20  Pylon  
  51  6:50  Carrier (Chrono Boost)  
  63  7:01  Carrier (Chrono Boost)  
  63  7:09  Probe  
  64  7:21  Probe  
  65  7:30  Nexus  
  65  7:33  Probe  
  65  7:34  Pylon  
  65  7:36  Pylon  
  66  7:39  Pylon  
  66  7:44  Pylon  
  66  7:45  Probe  
  66  7:46  Carrier (Chrono Boost)  
  66  7:47  Pylon  
  66  7:50  Carrier (Chrono Boost)  
  66  7:51  Assimilator  
  73  7:58  Probe  
  52  8:46  Stargate  
  52  8:47  Stargate  
  52  8:48  Stargate  
Show
View Real Time Build Order
Export as new Build Order

WarpigxxxL Zerg 

Build Orders: Hatch First 

Get SALT Encoding   

  12  0:04  Drone  
  13  0:16  Drone  
  13  0:21  Overlord  
  14  0:48  Drone  
  15  0:51  Drone  
  15  0:53  Hatchery  
  15  0:55  Drone  
  16  1:08  Drone  
  16  1:10  Drone  
  18  1:21  Drone  
  19  1:30  Spawning Pool  
  19  1:32  Drone  
  19  1:48  Drone  
  19  1:49  Extractor  
  19  1:50  Extractor  
  18  1:55  Drone  
  19  2:10  Drone x2  
  21  2:18  Drone x2  
  23  2:28  Drone x2  
  25  2:37  Spine Crawler  
  25  2:39  Drone x2  
  25  2:40  Hatchery  
  25  2:51  Spine Crawler  
  25  2:53  Drone x2  
  26  3:01  Lair  
  26  3:10  Drone x2, Roach Warren  
  26  3:11  Drone  
  26  3:12  Overlord  
  23  3:46  Spine Crawler  
  22  3:51  Roach  
  22  3:52  Roach x2  
  22  3:54  Zergling x6  
  27  4:12  Drone, Spine Crawler  
  27  4:22  Drone x2  
  29  4:32  Roach  
  29  4:33  Roach  
  24  4:39  Drone x3  
  19  4:46  Zergling x2  
  19  4:47  Zergling x2  
  21  4:59  Drone  
  20  5:00  Spore Crawler  
  20  5:07  Roach  
  17  5:28  Zergling x8  
  19  5:46  Drone x3  
  19  5:47  Drone  
  23  6:06  Drone x3  
  26  6:25  Zergling x4  
  28  6:26  Overlord  
  28  6:27  Overlord  
  28  6:46  Zergling x8  
  32  7:04  Drone x3  
  32  7:06  Drone  
  32  7:07  Infestation Pit  
  35  7:24  Overseer  
  35  7:26  Drone  
  35  7:27  Drone x2  
  38  7:33  Drone  
  38  7:34  Drone  
  40  7:42  Drone  
  41  7:45  Evolution Chamber  
  41  7:47  Evolution Chamber  
  39  8:22  Swarm Host  
  39  8:24  Zergling x4, Overlord  
  39  8:25  Overlord x2  
Tags
 
Add a new tag
Caveats
  • Supply blocks, unpowered buildings, or Contaminate may cause inaccurate times.
  • Supply counts are checked every 10 seconds.